 Dungeon Crawl Stone Soup version 0.17.1-3-g152610e (webtiles) character file.

32192 Gargoyl the Protected (level 13, -1/104 HPs)
             Began as a Demonspawn Abyssal Knight on Mar 24, 2016.
             Was the Champion of Lugonu.
             Engulfed by a cloud of flame (22 damage)
             ... in a volcano.
             The game lasted 00:52:20 (23365 turns).

Gargoyl the Protected (Demonspawn Abyssal Knight)  Turns: 23365, Time: 00:52:20

Health: -1/104     AC: 43    Str: 17    XL:     13   Next: 30%
Magic:  17/17      EV: 12    Int: 19    God:    Lugonu [******]
Gold:   1215       SH:  5    Dex: 13    Spells: 0 memorised, 12 levels left

rFire  . . .     SeeInvis +     s - +9 hand axe of Awner {elec, MR+ Int+5}
rCold  . . .     Clarity  +     Q - +27 Lear's hauberk
rNeg   . . .     SustAt   .     t - +0 buckler
rPois  +         Gourm    .     (helmet unavailable)
rElec  .         Spirit   .     b - +0 cloak
rCorr  .         Warding  .     (gloves currently unavailable)
rMut   .         Stasis   .     (boots currently unavailable)
MR     +....                    (no amulet)
Stlth  ..........               C - +3 ring of evasion
                                k - ring of poison resistance

@: studying 2 skills, somewhat resistant to hostile enchantments, extremely
unstealthy
A: antennae 3, molten scales 2, blink, clarity, demonic guardian 1, mutation
resistance 1, spiny 1
a: Blink, Depart the Abyss, Bend Space, Banish, Corrupt, Enter the Abyss, Brand
Weapon With Distortion, Renounce Religion


You were in a volcano.
You worshipped Lugonu.
Lugonu was exalted by your worship.
You were not hungry.

You visited 2 branches of the dungeon, and saw 16 of its levels.
You visited the Abyss 1 time.
You also visited: Labyrinth, Sewer, Ice Cave and Volcano.

You collected 1215 gold pieces.

Inventory:

Hand Weapons
 s - the +9 hand axe of Awner (weapon) {elec, MR+ Int+5}
   (You found it on level 1 of the Lair of Beasts)

   Occasionally, upon striking a foe, it will discharge some electrical energy
   and cause terrible harm.
   It affects your intelligence (+5).
   It affects your resistance to hostile enchantments.
 B - the +9 morningstar of Impermanence {pain, rPois rF- rC+ Int+7}
   (You found it on level 1 of the Lair of Beasts)

   In the hands of one skilled in necromantic magic, it inflicts extra damage on
   living creatures.
   It affects your intelligence (+7).
   It makes you vulnerable to fire.
   It protects you from cold.
   It protects you from poison.
 I - a +1 broad axe
 L - a +0 flail
Missiles
 m - 16 tomahawks of returning (quivered)
Armour
 b - a +0 cloak (worn)
 t - a +0 buckler (worn)
 Q - the +27 Lear's hauberk (worn)
   (You took it off a minotaur in a labyrinth)
Rods
 W - a +6 rod of the swarm (11/11)
   (You found it in a labyrinth)
Jewellery
 k - a ring of poison resistance (left hand)
 u - an uncursed ring of fire
 A - an uncursed ring of flight
 C - a +3 ring of evasion (right hand)
 O - an uncursed amulet of warding {unknown}
Wands
 f - a wand of enslavement (15)
 x - a wand of slowing (3)
 D - a wand of paralysis (8)
 G - a wand of magic darts (40)
 H - a wand of slowing (24)
 M - a wand of frost (15)
Scrolls
 g - 13 scrolls of identify
 i - a scroll of fog
 j - 2 scrolls of fear
 p - 7 scrolls of remove curse
 E - 10 scrolls of teleportation
 N - a scroll of recharging {unknown}
 S - 2 scrolls of amnesia
Potions
 a - 5 potions of curing
 h - a potion of haste
 q - a potion of invisibility
 r - a potion of berserk rage
 w - 2 potions of cancellation
 z - 2 potions of brilliance
 F - a potion of resistance
 P - 3 potions of flight
 R - a potion of might
Books
 e - Borgnjor's Grimoire of Boosting Sinister Secrets
   (You found it on level 1 of the Lair of Beasts)

   Spells                             Type                      Level
   a - Pain                           Necromancy                   1
   b - Regeneration                   Charms/Necromancy            3
   c - Excruciating Wounds            Charms/Necromancy            5
   d - Agony                          Necromancy                   5
 n - a book of the Dragon

   Spells                             Type                      Level
   a - Flame Tongue                   Conjuration/Fire             1
   b - Cause Fear                     Hexes                        4
   c - Bolt of Fire                   Conjuration/Fire             6
   d - Dragon Form                    Transmutation                7
   e - Dragon's Call                  Summoning                    9
 v - a book of the Sky

   Spells                             Type                      Level
   a - Summon Lightning Spire         Summoning/Air                4
   b - Airstrike                      Air                          4
   c - Silence                        Hexes/Air                    5
   d - Deflect Missiles               Charms/Air                   6
   e - Conjure Ball Lightning         Conjuration/Air              6
   f - Tornado                        Air                          9
 y - the Tome of Ice and Conjuration
   (You found it in a labyrinth)

   Spells                             Type                      Level
   a - Freeze                         Ice                          1
   b - Throw Frost                    Conjuration/Ice              2
   c - Ensorcelled Hibernation        Hexes/Ice                    2
   d - Ozocubu's Armour               Charms/Ice                   3
   e - Bolt of Cold                   Conjuration/Ice              6
   f - Ozocubu's Refrigeration        Ice                          6
 J - a book of Ice

   Spells                             Type                      Level
   a - Ice Form                       Ice/Transmutation            4
   b - Metabolic Englaciation         Hexes/Ice                    5
   c - Ozocubu's Refrigeration        Ice                          6
   d - Bolt of Cold                   Conjuration/Ice              6
   e - Freezing Cloud                 Conjuration/Ice/Air          6
   f - Simulacrum                     Ice/Necromancy               6
 K - a manual of Fire Magic
 T - a book of Flames

   Spells                             Type                      Level
   a - Flame Tongue                   Conjuration/Fire             1
   b - Throw Flame                    Conjuration/Fire             2
   c - Conjure Flame                  Conjuration/Fire             3
   d - Inner Flame                    Hexes/Fire                   3
   e - Sticky Flame                   Conjuration/Fire             4
   f - Fireball                       Conjuration/Fire             5
 V - a Necronomicon

   Spells                             Type                      Level
   a - Haunt                          Necromancy/Summoning         7
   b - Borgnjor's Revivification      Necromancy                   8
   c - Death's Door                   Charms/Necromancy            8
   d - Necromutation                  Transmutation/Necromancy     8
 X - a manual of Short Blades
Comestibles
 c - 5 bread rations
 d - 7 beef jerkies
 o - 4 meat rations
 U - 9 fruits


   Skills:
 + Level 10.5 Fighting
 + Level 10.7 Axes
 + Level 1.0(6.9) Maces & Flails
 + Level 0.8 Throwing
 + Level 11.4 Armour
 + Level 6.5 Dodging
 + Level 4.4 Stealth
 + Level 6.4 Shields
 + Level 6.5 Invocations


You had 12 spell levels left.
You didn't know any spells.

Dungeon Overview and Level Annotations

Branches:
Dungeon (10/15)            Temple (0/1) D:7            Lair (6/8) D:10
 Shoals (0/4) Lair:3       Spider (0/4) Lair:6          Orc (0/4) D:10
  Slime: Lair:6-8

Altars:
Ashenzari
Xom
Yredelemnul

Shops:
D:10 ((


Innate Abilities, Weirdness & Mutations

You have a pair of large antennae on your head (SInv).
You are mostly covered in molten scales (AC +3, EV -1).
A weak demonic guardian rushes to your aid.
You are partially covered in sharp spines.
You can translocate small distances at will.
You possess an exceptional clarity of mind.
You are somewhat resistant to further mutation.


Message History

The fire elemental is lightly damaged.
You are engulfed in roaring flames.
The fire elemental hits you. The fire elemental burns you!
Unknown command.
You hit the fire elemental.
The fire elemental is moderately damaged.
You are engulfed in roaring flames.
* * * LOW HITPOINT WARNING * * *
Your quasit barely misses the fire elemental.
Your quasit claws the fire elemental.
Your quasit barely misses the fire elemental.
The fire elemental is struck by your spines.
The fire elemental closely misses you.
You slice the fire elemental!!
You destroy the fire elemental!
You are engulfed in roaring flames.
* * * LOW HITPOINT WARNING * * *
Unknown command.
You are engulfed in roaring flames.
You die...

#. ##.# ##.≈≈.##
###.####..## #.≈≈≈≈.##
##≈...##....#####.≈≈≈≈..#
#§§....#))#...##.≈≈k≈≈§.#
#§..∩..'#####.##.≈≈≈.≈≈.#
#≈≈≈...##≈≈###.'##≈≈≈###+
#≈§§§.##≈≈§§≈#### ####
#≈§≈..##≈v≈≈≈§§5#
#≈§§∩..'≈≈≈≈≈@##E≈≈vv≈
#§§....#§§≈≈..# §≈§≈§{
##≈...###§§.### §§§≈
###.## #§§## §§≈ ### ####
§≈. .


You could see a friendly quasit.

Vanquished Creatures
  A frost giant (IceCv)
  A minotaur (Lab)
  2 hydras
  Erica (D:9)
  An orange crystal statue (Lair:1)
  A hill giant (D:10)
  Pikel (D:4)
  2 black mambas
  5 elephants (Lair:4)
  An ice statue (IceCv)
  2 gargoyles (Volcano)
  4 komodo dragons
  6 spiny frogs
  A fire drake (Lair:5)
  A troll (D:10)
  A merfolk (D:8)
  19 polar bears (IceCv)
  2 wyverns (D:8)
  14 yaks
  Eustachio (D:4)
  3 fire bats (Lair:6)
  A fire elemental (Volcano)
  2 hogs (D:8)
  2 basilisks (Lair:3)
  5 hungry ghosts
  The ghost of Gargoyl the Skirmisher, an amateur DsAK of Lugonu (D:5)
  3 hippogriffs
  Menkaure (D:5)
  4 water moccasins
  2 wargs (D:10)
  9 wolves (IceCv)
  8 porcupines
  2 orc warriors (D:8)
  2 necrophages
  5 ice beasts
  A wasp (D:9)
  2 phantoms
  6 black bears (D:8)
  8 centaurs
  9 ogres
  A slave (D:4)
  Blork the orc (D:6)
  2 crocodiles
  7 big kobolds
  9 giant frogs
  2 gnoll sergeants (D:8)
  6 killer bees (D:10)
  A scorpion (D:4)
  5 wights (D:9)
  10 electric eels
  5 crimson imps
  A giant frog zombie (D:7)
  A quasit (D:8)
  A giant frog skeleton (D:8)
  Crazy Yiuf (D:3)
  7 iguanas
  4 orc priests
  A jelly (D:8)
  2 centaur skeletons
  7 hounds
  3 gnoll shamans (D:8)
  9 worker ants
  19 orc wizards
  2 killer bee zombies
  15 sheep
  Robin (D:2)
  51 river rats
  24 adders
  8 gnolls
  3 shadow imps
  3 oozes
  An adder zombie (D:9)
  9 worms
  5 giant geckos
  27 orcs
  7 ball pythons
  10 giant cockroaches
  8 hobgoblins
  9 jackals
  25 kobolds
  12 bats
  A giant gecko skeleton (D:7)
  9 giant newts
  19 goblins
  5 quokkas
  9 rats
  3 fungi
  2 plants
516 creatures vanquished.

Vanquished Creatures (collateral kills)
  The ghost of Sarmenti the Cleaver, a novice MiFi (D:8)
  A spiny frog (Lair:5)
  4 two-headed ogres (D:8)
  2 yaks
  2 hippogriffs
  2 black bears (D:8)
  An ogre (D:5)
  An orc wizard (D:6)
  A gnoll (D:8)
  2 river rats (Lair:2)
  3 orcs (D:8)
20 creatures vanquished.

Vanquished Creatures (others)
  A jelly (D:5)
  A jackal (D:4)
  A quokka (D:4)
  A kobold (D:8)
  A fungus (Lair:4)
  5 plants
10 creatures vanquished.

Grand Total: 546 creatures vanquished

Notes
Turn   | Place    | Note
--------------------------------------------------------------
     0 | Abyss:1  | Gargoyl the Demonspawn Abyssal Knight began the quest for the Orb.
     0 | Abyss:1  | Reached XP level 1. HP: 18/18 MP: 2/2
    94 | Abyss:1  | Noticed a wretched star
    95 | D:1      | Escaped the Abyss
   479 | D:1      | Gained mutation: You are partially covered in molten scales (AC +1). [demonic ancestry]
   479 | D:1      | Reached XP level 2. HP: 13/24 MP: 3/3
   665 | D:1      | Reached skill level 1 in Dodging
   666 | D:1      | Reached * piety under Lugonu
  1197 | D:1      | Gained mutation: You are partially covered in sharp spines. [demonic ancestry]
  1197 | D:1      | Reached XP level 3. HP: 29/29 MP: 5/5
  1403 | D:2      | Gained mutation: You have a pair of small antennae on your head. [demonic ancestry]
  1403 | D:2      | Reached XP level 4. HP: 4/35 MP: 6/6
  1793 | D:2      | Reached ** piety under Lugonu
  2275 | D:2      | Noticed Robin
  2283 | D:2      | Killed Robin
  2640 | D:3      | Gained mutation: You have a pair of antennae on your head. [demonic ancestry]
  2640 | D:3      | Reached XP level 5. HP: 28/41 MP: 7/7
  2869 | D:3      | Noticed Crazy Yiuf
  2879 | D:3      | Killed Crazy Yiuf
  3410 | D:3      | Reached *** piety under Lugonu
  3920 | D:4      | Reached XP level 6. HP: 19/48 MP: 8/8
  4220 | D:4      | Noticed a slave
  4229 | D:4      | Reached skill level 4 in Armour
  4231 | D:4      | Noticed an ice beast
  4239 | D:4      | Noticed Pikel
  4239 | D:4      | Noticed a slave
  4240 | D:4      | Noticed a slave
  4241 | D:4      | Noticed a slave
  4247 | D:4      | Killed an ice beast
  4247 | D:4      | Reached skill level 1 in Stealth
  4310 | D:4      | Killed a slave
  4622 | D:4      | Noticed Eustachio
  4639 | D:4      | Killed Eustachio
  4639 | D:4      | Gained mutation: You have a pair of large antennae on your head (SInv). [demonic ancestry]
  4639 | D:4      | Reached XP level 7. HP: 22/54 MP: 9/9
  4952 | D:4      | Noticed an ogre
  4961 | D:4      | Killed an ogre
  5386 | D:4      | Killed Pikel
  5386 | D:4      | Reached skill level 5 in Armour
  5386 | D:4      | Reached skill level 1 in Shields
  5386 | D:4      | Gained mutation: A weak demonic guardian rushes to your aid. [demonic ancestry]
  5386 | D:4      | Reached XP level 8. HP: 52/61 MP: 10/10
  5397 | D:4      | Noticed an ogre
  5406 | D:4      | Killed an ogre
  5460 | D:4      | Noticed an ogre
  5465 | D:4      | Killed an ogre
  5901 | D:4      | Reached skill level 6 in Armour
  5987 | D:5      | Entered Level 5 of the Dungeon
  5987 | D:5      | Noticed Menkaure
  5995 | D:5      | Killed Menkaure
  5995 | D:5      | Reached skill level 5 in Fighting
  6402 | D:5      | Reached skill level 5 in Axes
  6630 | D:5      | Noticed Gargoyl's ghost (amateur DsAK)
  6650 | D:5      | Killed Gargoyl's ghost
  6667 | D:5      | Reached XP level 9. HP: 57/68 MP: 12/12
  7589 | D:6      | Reached **** piety under Lugonu
  7769 | D:6      | Reached skill level 7 in Armour
  7922 | D:6      | Found a glowing drain.
  7926 | Sewer    | Entered a sewer
  8273 | Sewer    | Reached ***** piety under Lugonu
  8598 | D:6      | Noticed Blork the orc
  8612 | D:6      | Killed Blork the orc
  8737 | D:7      | Reached skill level 5 in Dodging
  9035 | D:7      | Found a staircase to the Ecumenical Temple.
  9636 | D:7      | Found a shattered altar of Ashenzari.
 10115 | D:8      | Gained mutation: You are mostly covered in molten scales (AC +3, EV -1). [demonic ancestry]
 10115 | D:8      | Reached XP level 10. HP: 77/77 MP: 13/13
 10336 | D:8      | Noticed Sarmenti's ghost (novice MiFi)
 10368 | D:8      | Killed Sarmenti's ghost
 10843 | D:8      | Reached skill level 8 in Armour
 11662 | D:8      | Reached ****** piety under Lugonu
 12659 | D:8      | Reached XP level 11. HP: 30/84 MP: 14/14
 12988 | D:8      | Reached skill level 9 in Armour
 13457 | D:8      | Found a basalt altar of Yredelemnul.
 14117 | D:9      | Noticed Erica
 14146 | D:9      | Killed Erica
 14579 | D:10     | Entered Level 10 of the Dungeon
 14623 | D:10     | Noticed a hill giant
 14636 | D:10     | Killed a hill giant
 14993 | D:10     | Found a staircase to the Lair.
 14999 | D:10     | Found Hozets's Antique Weapon Emporium.
 15078 | D:10     | Found Zeqaer's Antique Weapon Shop.
 15392 | D:10     | Found a staircase to the Orcish Mines.
 15772 | D:10     | Found a shimmering altar of Xom.
 16077 | Lair:1   | Entered Level 1 of the Lair of Beasts
 16960 | Lair:1   | Noticed an orange crystal statue
 17090 | Lair:1   | Gained mutation: You can translocate small distances at will. [potion of mutation]
 17090 | Lair:1   | Gained mutation: You possess an exceptional clarity of mind. [potion of mutation]
 17135 | Lair:1   | Killed an orange crystal statue
 17143 | Lair:1   | Identified Borgnjor's Grimoire of Boosting Sinister Secrets
 17145 | Lair:1   | Got a faintly glowing hand axe
 17149 | Lair:1   | Got a crude morningstar
 17151 | Lair:1   | Got a jewelled halberd
 17244 | Lair:1   | Identified the +9 hand axe of Awner {elec, MR+ Int+5} (You found it on level 1 of the Lair of Beasts)
 17245 | Lair:1   | Identified the +9 morningstar of Impermanence {pain, rPois rF- rC+ Int+7} (You found it on level 1 of the Lair of Beasts)
 17246 | Lair:1   | Identified the +6 halberd "Doesch" {flame, rN+} (You found it on level 1 of the Lair of Beasts)
 17289 | Lair:2   | Reached skill level 10 in Armour
 17355 | Lair:2   | Noticed a six-headed hydra
 17370 | Lair:2   | Killed a six-headed hydra
 17768 | Lair:2   | Reached skill level 5 in Invocations
 18276 | Lair:2   | Reached XP level 12. HP: 24/94 MP: 14/16
 18844 | Lair:3   | Reached skill level 5 in Shields
 18874 | Lair:3   | Identified a scroll of acquirement
 19032 | Lair:3   | Found a staircase to the Shoals.
 19492 | Lair:4   | Found a frozen archway.
 19497 | IceCv    | Entered an ice cave
 20263 | IceCv    | Reached skill level 10 in Axes
 20528 | IceCv    | Noticed a frost giant
 20549 | IceCv    | Killed a frost giant
 20549 | IceCv    | Reached skill level 11 in Armour
 21120 | Lair:4   | Noticed a six-headed hydra
 21136 | Lair:4   | Killed a six-headed hydra
 21136 | Lair:4   | Reached skill level 10 in Fighting
 21543 | Lair:4   | Reached XP level 13. HP: 57/103 MP: 17/17
 21544 | Lair:4   | Reached skill level 1 in Maces & Flails
 22716 | Lair:6   | Found a labyrinth entrance.
 22725 | Lab      | Entered a labyrinth
 23168 | Lab      | Gained mutation: You are somewhat resistant to further mutation. [potion of beneficial mutation]
 23239 | Lab      | Identified the Tome of Ice and Conjuration
 23266 | Lair:6   | Found a dark tunnel.
 23275 | Volcano  | Entered a volcano
 23365 | Volcano  | Engulfed by a cloud of flame

Action                   |  1- 3 |  4- 6 |  7- 9 | 10-12 | 13-15 || total
-------------------------+-------+-------+-------+-------+-------++-------
Melee: Hand axe          |    83 |   139 |    81 |   282 |   134 ||   719
       War axe           |       |       |   306 |   275 |       ||   581
       Broad axe         |       |       |       |   214 |       ||   214
       Morningstar       |       |       |       |    15 |       ||    15
Throw: Tomahawk          |       |       |       |     3 |       ||     3
Invok: Depart the Abyss  |     1 |       |       |       |       ||     1
       Bend Space        |       |     1 |       |     1 |       ||     2
       Banish            |       |       |     2 |     7 |       ||     9
  Use: Potion            |       |     2 |       |    22 |     3 ||    27
       Scroll            |       |       |    13 |    12 |     1 ||    26
 Stab: Distracted        |       |       |     3 |    11 |     1 ||    15
  Eat: Chunk             |     2 |     7 |    18 |    16 |     2 ||    45
       Bread ration      |       |     1 |       |     5 |       ||     6
       Beef jerky        |       |       |       |     2 |     1 ||     3
       Pizza             |       |       |       |     1 |       ||     1
       Meat ration       |       |       |       |       |     1 ||     1
